[Event "Titled Tuesday Blitz November 08 Late 2022"]
[White "Svane, Frederik"]
[Black "Kunin, Vitaly"]
[WhiteFideId "12923044"]
[BlackFideId "4128737"]
[WhiteElo "2466"]
[BlackElo "2417"]
[Result "0-1"]
[Round "02"]
[TimeControl "180+1"]
[Date "2022.11.08"]
[WhiteClock "0:00:02"]
[BlackClock "0:00:05"]

1. e4 c5 2. Nf3 Nc6 3. Bb5 d6 4. O-O Bd7 5. c3 Nf6 6. d4 cxd4 7. cxd4 Nxe4 8. d5 Nb8 9. Re1 Nf6 10. Bf1 g6 11. Bf4 Bg4 12. h3 Bxf3 13. Qxf3 Bg7 14. Bb5+ Kf8 15. Na3 a6 16. Bf1 Nbd7 17. Rac1 Qa5 18. Nc4 Qxd5 19. Qe3 Re8 20. g4 h6 21. a4 Qc5 22. Qd2 Qd5 23. Qb4 Nc5 24. Bg2 Nd3 25. Qd2 Qd4 26. Be3 Ne4 27. Qd1 Nexf2 28. Bxd4 Bxd4 29. Qf3 Nxg4+ 30. Kf1 Nh2+ 31. Ke2 Nxf3 32. Kxd3 Nxe1+ 33. Rxe1 Bf6 34. Bxb7 Kg7 35. Bxa6 Rd8 36. Bb5 d5 37. Nb6 e6 38. b3 Rd6 39. a5 Rhd8 40. Na4 e5 41. a6 e4+ 42. Kd2 Rb8 43. Bf1 Rxb3 44. a7 Rd8 45. Rc1 Bg5+ 46. Kc2 Bxc1 47. Kxb3 Be3 48. Nc3 Bxa7 49. Nb5 Rb8 50. Kc2 Rxb5 51. Bxb5 Kf6 52. Be8 Ke6 53. Kd2 g5 54. Ke2 f5 0-1


[Site "https://www.chess.com"]

[Event "Titled Tuesday Blitz November 08 Late 2022"]
[White "Taboas Rodriguez, Daniel"]
[Black "Holt, Conrad"]
[WhiteFideId "2208466"]
[BlackFideId "2034387"]
[WhiteElo "2329"]
[BlackElo "2592"]
[Result "1-0"]
[Round "02"]
[TimeControl "180+1"]
[Date "2022.11.08"]
[WhiteClock "0:00:36"]
[BlackClock "0:00:06"]

1. d4 d5 2. c4 c6 3. cxd5 cxd5 4. Nc3 Nc6 5. Nf3 Nf6 6. Bf4 Nh5 7. Bd2 e6 8. e3 Nf6 9. Bd3 Bd6 10. O-O O-O 11. Rc1 Bd7 12. a3 Rc8 13. b4 a5 14. b5 Ne7 15. Qb3 Ng6 16. Na4 b6 17. Rxc8 Bxc8 18. Rc1 Bb7 19. Bc3 Ne4 20. Bb2 Nh4 21. Bxe4 dxe4 22. Nxh4 Qxh4 23. g3 Qd8 24. Qc2 h5 25. Nc3 f5 26. Qb3 Qd7 27. d5 exd5 28. Nxd5 Qf7 29. Rd1 Bc5 30. Qa2 Bc8 31. Qc4 Be6 32. Qc3 h4 33. Nf4 Bb3 34. Rd2 hxg3 35. hxg3 a4 36. Nh5 Kh7 37. Nxg7 Rg8 38. Nh5 Qxh5 39. Rd7+ Kh6 40. Qf6+ Rg6 41. Rh7+ Kxh7 42. Qh8# 1-0


[Site "https://www.chess.com"]

[Event "Titled Tuesday Blitz November 08 Late 2022"]
[White "Terry, Renato"]
[Black "Maltsevskaya, Aleksandra"]
[WhiteFideId "3803457"]
[BlackFideId "24174041"]
[WhiteElo "2577"]
[BlackElo "2282"]
[Result "1-0"]
[Round "02"]
[TimeControl "180+1"]
[Date "2022.11.08"]
[WhiteClock "0:00:12"]
[BlackClock "0:00:04"]

1. e4 c5 2. Nf3 e6 3. Nc3 Nc6 4. Bb5 Nd4 5. O-O a6 6. Bd3 b5 7. Nxd4 cxd4 8. Ne2 Bc5 9. c3 dxc3 10. bxc3 d5 11. e5 Bb7 12. a4 b4 13. cxb4 Bxb4 14. a5 Bc5 15. Qa4+ Qd7 16. Qg4 g6 17. Bc2 Ne7 18. d4 Ba7 19. Bg5 O-O 20. Bf6 Rfc8 21. Bd3 Qe8 22. Ra3 Kf8 23. Qh4 h5 24. Nf4 Ng8 25. Nxh5 Qc6 26. Ng7 Rc7 27. h3 Rac8 28. Bb1 Qb5 29. Qh8 Bxd4 30. Rf3 Qd7 31. Bxg6 Rc1 32. Rxc1 Rxc1+ 33. Kh2 Qc7 34. Nxe6+ fxe6 35. Bd8+ 1-0


[Site "https://www.chess.com"]

[Event "Titled Tuesday Blitz November 08 Late 2022"]
[White "Therrien, Alex L"]
[Black "Mr_Penings"]
[WhiteFideId "412856"]
[WhiteElo "2214"]
[BlackElo "2692"]
[Result "0-1"]
[Round "02"]
[TimeControl "180+1"]
[Date "2022.11.09"]
[WhiteClock "0:00:02"]
[BlackClock "0:01:30"]

1. d4 Nf6 2. c4 d6 3. Nf3 Nbd7 4. Nc3 e5 5. e4 g6 6. g3 Bg7 7. Bg2 O-O 8. O-O c6 9. Re1 Qa5 10. d5 cxd5 11. cxd5 b5 12. a3 b4 13. Na2 bxa3 14. bxa3 Nc5 15. Qc2 Bd7 16. Bd2 Qxa3 17. Nxe5 Nb3 18. Rab1 Nd4 19. Nc4 Nxc2 20. Nxa3 Nxa3 21. Rb7 Rfb8 22. Rxb8+ Rxb8 23. Nc3 Nc4 0-1


[Site "https://www.chess.com"]

[Event "Titled Tuesday Blitz November 08 Late 2022"]
[White "Thomforde-Toates, Noah"]
[Black "Svane, Rasmus"]
[WhiteFideId "30951992"]
[BlackFideId "4657101"]
[WhiteElo "2629"]
[BlackElo "2674"]
[Result "0-1"]
[Round "02"]
[TimeControl "180+1"]
[Date "2022.11.08"]
[WhiteClock "0:00:22"]
[BlackClock "0:00:14"]

1. d4 Nf6 2. Nc3 d5 3. Bf4 c5 4. e3 cxd4 5. exd4 a6 6. Nf3 Nc6 7. Ne5 Bd7 8. Nxc6 Bxc6 9. Bd3 e6 10. O-O Bd6 11. Bxd6 Qxd6 12. a3 O-O 13. Qf3 b5 14. Ne2 a5 15. Qf4 Qxf4 16. Nxf4 b4 17. f3 Rfb8 18. a4 Bb7 19. Kf2 Ba6 20. Ke2 Rc8 21. Kd2 Rc7 22. Rfc1 g5 23. Ne2 h6 24. g4 Kf8 25. c3 Bxd3 26. Kxd3 Rb7 27. Rab1 Rab8 28. b3 bxc3 29. Rxc3 Ke7 30. Nc1 Nd7 31. Rb2 Kd6 32. Rbc2 Rb6 33. Rc5 Ra6 34. Rc7 f6 35. R7c3 Rbb6 36. Rc8 Rb4 37. R2c3 e5 38. Ne2 Rab6 39. Kc2 exd4 40. Rd3 Ne5 41. Rxd4 Rxb3 42. Nc3 Rb2+ 43. Kc1 Rxh2 44. Nxd5 Rc6+ 45. Nc3+ Kc5 46. Rxc6+ Nxc6 47. Rd7 Ne5 48. Ne4+ Kb4 49. Rb7+ Ka3 50. Nc3 Nd3+ 51. Kd1 Nb4 52. Ne4 Kxa4 53. Nxf6 Kb3 54. Ne4 Rh3 55. Nc5+ Kc4 56. Ne4 a4 57. Ra7 Kb3 58. Nc5+ Kc4 59. Ne4 Nd3 60. Rxa4+ Kd5 61. Ra3 Ne5 62. Ke2 Rh2+ 63. Ke3 Nc4+ 64. Kd3 Nxa3 65. Nf6+ Ke5 66. Ne4 Rh1 67. Ke3 Nc4+ 68. Kf2 Nd6 69. Ng3 Ra1 70. Ne2 Ra2 71. Ke3 Rxe2+ 72. Kd3 Kf4 73. Kxe2 Nf7 74. Kf2 Ne5 75. Kg2 Nxf3 76. Kh3 Ne5 77. Kg2 Nxg4 78. Kg1 h5 79. Kh1 Ne3 80. Kg1 g4 81. Kh1 h4 82. Kg1 h3 83. Kh1 g3 84. Kg1 Kf3 85. Kh1 Ng4 86. Kg1 h2+ 87. Kh1 Nf2# 0-1


[Site "https://www.chess.com"]

[Event "Titled Tuesday Blitz November 08 Late 2022"]
[White "Tokhirjonova, Gulrukhbegim"]
[Black "Maksimovic, Bojan"]
[WhiteFideId "14203626"]
[BlackFideId "14408120"]
[WhiteElo "2236"]
[BlackElo "2447"]
[Result "0-1"]
[Round "02"]
[TimeControl "180+1"]
[Date "2022.11.08"]
[WhiteClock "0:00:19"]
[BlackClock "0:00:19"]

1. e4 c5 2. Nf3 e6 3. d4 cxd4 4. Nxd4 a6 5. c4 Nf6 6. Nc3 Qc7 7. Be2 Bb4 8. Qd3 Nc6 9. O-O O-O 10. Bg5 Ne5 11. Qg3 Be7 12. f4 Ng6 13. e5 Bc5 14. Rad1 Ne8 15. Kh1 h6 16. Bh4 Nxh4 17. Qxh4 d6 18. exd6 Bxd6 19. Bd3 Be7 20. Qg3 Nf6 21. Bb1 b6 22. Ne4 Bb7 23. Nxf6+ Bxf6 24. b3 Rfd8 25. Nf3 Rxd1 26. Rxd1 Rd8 27. Re1 Qd6 28. h3 a5 29. Be4 Bxe4 30. Rxe4 Qd3 31. Qe1 h5 32. Ne5 Qd2 33. Qe2 Qc1+ 34. Kh2 Rd1 35. Qxh5 Rh1+ 36. Kg3 Bxe5 37. fxe5 Qc3+ 38. Qf3 Qc2 39. Re2 Qg6+ 40. Kf2 Qg5 41. Qa8+ Kh7 42. Qf3 Rc1 43. Qe3 Qf5+ 44. Kg3 Rd1 45. Qe4 Qxe4 46. Rxe4 Rd2 47. Kf3 Rxa2 48. Rd4 Ra3 49. Rd3 a4 50. Ke2 Rxb3 51. Rxb3 axb3 52. Kd2 Kg6 53. Kc3 Kf5 54. Kxb3 Kxe5 55. Kb4 Kd6 56. Kb5 Kc7 57. c5 bxc5 58. Kxc5 Kd7 59. Kd4 Kd6 60. Ke4 g5 61. g3 f5+ 62. Kf3 Kd5 63. h4 gxh4 64. gxh4 Ke5 65. Ke3 Kf6 66. Kf4 e5+ 67. Kf3 Kg6 68. Kg3 Kh5 69. Kh3 f4 0-1


[Site "https://www.chess.com"]

[Event "Titled Tuesday Blitz November 08 Late 2022"]
[White "Vargas, Mauricio"]
[Black "Kazakov, Mikhail"]
[WhiteFideId "4404572"]
[BlackFideId "14102749"]
[WhiteElo "2025"]
[BlackElo "2413"]
[Result "0-1"]
[Round "02"]
[TimeControl "180+1"]
[Date "2022.11.09"]
[WhiteClock "0:00:03"]
[BlackClock "0:00:03"]

1. d4 Nf6 2. Bf4 g6 3. e3 Bg7 4. Nf3 d6 5. c3 O-O 6. h3 b6 7. Be2 Bb7 8. Nbd2 Nbd7 9. a4 Qe8 10. a5 e5 11. Bg3 Ne4 12. Nxe4 Bxe4 13. O-O f5 14. Nd2 Bc6 15. Bh2 Nf6 16. Qe1 g5 17. dxe5 dxe5 18. f3 Nd5 19. Bc4 Kh8 20. Bxd5 Bxd5 21. e4 Bc6 22. exf5 Rxf5 23. Ne4 h6 24. Rf2 Qf7 25. axb6 axb6 26. Rxa8+ Bxa8 27. Rd2 Bc6 28. Rd8+ Kh7 29. Qb1 Qg6 30. Qd3 Rf7 31. Nf2 Qxd3 32. Nxd3 e4 33. fxe4 Bxe4 34. Ne5 Re7 35. Rd7 Rxd7 36. Nxd7 Bf5 37. Ne5 Kg8 38. Nf3 c5 39. Kh1 Kf7 40. Kg1 Ke6 41. Kf2 Kd5 42. Ke2 Kc4 43. Nd2+ Kb5 44. Bc7 Kc6 45. Bg3 h5 46. Bf2 b5 47. Be3 Bf6 48. Nf3 g4 49. hxg4 hxg4 50. Nd2 Kd5 51. Bf2 b4 52. cxb4 cxb4 53. b3 Bc2 54. Be1 Bc3 55. Ke3 Bd4+ 56. Ke2 Bc3 57. Ke3 Bxb3 58. Nxb3 Bxe1 59. Kd3 Bc3 60. Nc1 Ke5 61. g3 Kd5 62. Ne2 Be5 63. Nc1 Bxg3 64. Nb3 Be5 65. Nd2 g3 66. Nf3 b3 67. Ng1 b2 68. Kc2 Ke4 69. Ne2 g2 70. Ng1 Ke3 71. Nh3 Kf3 72. Kb1 Kg3 73. Ng1 Bd4 74. Ne2+ Kf3 75. Nxd4+ Kf2 76. Kxb2 g1=Q 77. Nc2 Qg7+ 78. Kb3 Ke2 79. Nd4+ Kd3 80. Ka4 Kxd4 81. Ka5 Qb7 0-1


[Site "https://www.chess.com"]

[Event "Titled Tuesday Blitz November 08 Late 2022"]
[White "Veiga, Jose Francisco R P Neves"]
[Black "Onslow, Alfie"]
[WhiteFideId "1930087"]
[BlackFideId "436976"]
[WhiteElo "2320"]
[BlackElo "2015"]
[Result "1-0"]
[Round "02"]
[TimeControl "180+1"]
[Date "2022.11.09"]
[WhiteClock "0:00:17"]
[BlackClock "0:00:04"]

1. Nf3 Nf6 2. g3 c5 3. Bg2 Nc6 4. d4 cxd4 5. Nxd4 e5 6. Nb5 d5 7. O-O Be6 8. c4 Rc8 9. Bg5 d4 10. Nd2 Be7 11. Bxf6 Bxf6 12. c5 Be7 13. b4 O-O 14. Qa4 Bd5 15. Bxd5 Qxd5 16. Nxa7 Ra8 17. Nxc6 bxc6 18. Qb3 Qxb3 19. Nxb3 Ra4 20. a3 Rfa8 21. Rfc1 Rxa3 22. Rxa3 Rxa3 23. Na5 Rc3 24. Rb1 f6 25. Nxc6 Bxc5 26. bxc5 Rxc5 27. Rb8+ Kf7 28. Rb7+ Kf8 29. Nd8 Rc1+ 30. Kg2 Rc2 31. Ne6+ Ke8 32. Nxg7+ Kd8 33. Ne6+ Kc8 34. Rxh7 Rxe2 35. Kf3 d3 36. Rc7+ Kb8 37. Rd7 e4+ 38. Kg2 d2 39. Nf4 Kc8 40. Rd4 Re1 41. Rxd2 e3 42. fxe3 Rxe3 43. h4 Re5 44. h5 Kc7 45. h6 Rg5 46. Ne6+ 1-0


[Site "https://www.chess.com"]

[Event "Titled Tuesday Blitz November 08 Late 2022"]
[White "Vlassov, Nikolai"]
[Black "Kamsky, Gata"]
[WhiteFideId "4103360"]
[BlackFideId "2000024"]
[WhiteElo "2324"]
[BlackElo "2666"]
[Result "1/2-1/2"]
[Round "02"]
[TimeControl "180+1"]
[Date "2022.11.08"]
[WhiteClock "0:00:22"]
[BlackClock "0:00:09"]

1. e4 c5 2. c3 Nf6 3. e5 Nd5 4. d4 cxd4 5. cxd4 d6 6. Bc4 Nb6 7. Bb3 dxe5 8. Qh5 e6 9. dxe5 N8d7 10. Nc3 Nc5 11. Nf3 g6 12. Qg5 Nd3+ 13. Ke2 Nxc1+ 14. Raxc1 Qxg5 15. Nxg5 Bg7 16. f4 O-O 17. h4 h6 18. Nge4 h5 19. g4 hxg4 20. h5 Bd7 21. Rcg1 a5 22. Rxg4 a4 23. Bc2 Nd5 24. h6 Bh8 25. h7+ Kg7 26. Rgh4 Rfc8 27. Bd3 a3 28. Nxd5 exd5 29. Nf6 axb2 30. Nxd7 Rxa2 31. Rb1 Rc1 32. Rh1 Ra1 33. Rxb2 Rxh1 34. Rxb7 Rh2+ 35. Ke3 Re1+ 36. Kd4 Rh4 37. e6 Rxf4+ 38. Kc5 Rxe6 39. Nb6 Re3 40. Nxd5 Rxd3 41. Nxf4 Rf3 42. Ne6+ Kh6 43. Nd8 Kxh7 44. Nxf7 Rf5+ 45. Kd6 Bg7 46. Ke6 Rf6+ 47. Ke7 Rf5 48. Rb3 Bf6+ 49. Ke6 Kg7 50. Rh3 Ra5 51. Nd6 Ra6 52. Kd5 Be7 53. Ne4 Ra5+ 54. Ke6 Bf8 55. Rb3 Ra6+ 56. Ke5 Ra5+ 57. Ke6 Ra7 58. Ke5 Re7+ 59. Kf4 Kf7 60. Ng5+ Kg8 61. Rb6 Kg7 62. Kg4 Ra7 63. Ne6+ Kf7 64. Nxf8 Kxf8 65. Rxg6 Rg7 66. Rxg7 Kxg7 1/2-1/2


[Site "https://www.chess.com"]

[Event "Titled Tuesday Blitz November 08 Late 2022"]
[White "Wan, Joseph"]
[Black "Rosenberg, Evan S"]
[WhiteFideId "2069890"]
[BlackFideId "2019299"]
[WhiteElo "2200"]
[BlackElo "2396"]
[Result "1-0"]
[Round "02"]
[TimeControl "180+1"]
[Date "2022.11.09"]
[WhiteClock "0:00:30"]
[BlackClock "0:00:01"]

1. d4 d5 2. Bf4 c5 3. e4 dxe4 4. d5 Nf6 5. Nc3 a6 6. Qe2 g6 7. f3 Bg7 8. fxe4 O-O 9. O-O-O Bg4 10. Nf3 Qa5 11. e5 Nh5 12. Bd2 Nd7 13. Qe4 Bxf3 14. gxf3 Nxe5 15. Kb1 Qb4 16. Qe2 Nf4 17. Qe3 g5 18. h4 f6 19. a3 Qd4 20. Bc1 Qxe3 21. Bxe3 Nxf3 22. Bxc5 Rfe8 23. Bc4 Ne5 24. Bb3 Kh8 25. Ne4 Rac8 26. Bb4 h6 27. hxg5 fxg5 28. Nxg5 Rf8 29. Bxe7 Rf5 30. Ne4 Kh7 31. Nd6 Rff8 32. Nxc8 Rxc8 33. d6 Nd7 34. Rhf1 Ng6 35. Be6 Ngf8 36. Bxf8 1-0


[Site "https://www.chess.com"]

[Event "Titled Tuesday Blitz November 08 Late 2022"]
[White "Yang, Kevin"]
[Black "Thomas, Anysia"]
[WhiteFideId "30908485"]
[BlackFideId "670472"]
[WhiteElo "2055"]
[BlackElo "2069"]
[Result "1-0"]
[Round "02"]
[TimeControl "180+1"]
[Date "2022.11.09"]
[WhiteClock "0:00:07"]
[BlackClock "0:00:07"]

1. d4 Nf6 2. c4 g6 3. Nc3 d5 4. cxd5 Nxd5 5. Na4 Nf6 6. Nf3 Bg7 7. Bf4 O-O 8. Rc1 c6 9. e3 Bg4 10. Be2 Qa5+ 11. Nc3 Nd5 12. Be5 Nxc3 13. bxc3 Bxf3 14. Bxf3 Bxe5 15. dxe5 Qxe5 16. Qb3 Qc7 17. h4 h5 18. g4 hxg4 19. Bxg4 Rd8 20. h5 Kg7 21. hxg6 fxg6 22. Ke2 e5 23. Rh3 Na6 24. Rch1 Rh8 25. Qe6 Nc5 26. Qc4 b6 27. Bf3 Qf7 28. Qxf7+ Kxf7 29. Bxc6 Rxh3 30. Rxh3 Rc8 31. Bd5+ Kf6 32. Rf3+ Kg5 33. Rg3+ Kf6 34. c4 e4 35. Rh3 Rf8 36. Rh7 Ke5 37. Rxa7 Nd3 38. Re7+ Kd6 39. Re6+ Kc5 40. Bxe4 Nxf2 41. Bd5 Nh3 42. Rc6+ Kb4 43. Rxb6+ Kc3 44. c5 Rf2+ 45. Ke1 Rh2 46. c6 Nf2 47. Rb3+ Kc2 48. Bf3 Nd3+ 49. Kf1 Rf2+ 50. Kg1 Rxf3 51. c7 Rf8 52. Rb8 Rxb8 53. cxb8=Q Ne1 54. Qc8+ Kd1 55. Kf2 Nc2 56. Qd7+ Kc1 57. Ke2 g5 58. Qd2+ Kb1 59. Kd3 g4 60. Qxc2+ Ka1 61. Kc3 g3 62. Qb2# 1-0


[Site "https://www.chess.com"]

[Event "Titled Tuesday Blitz November 08 Late 2022"]
[White "Yi, Richard"]
[Black "Schuster, Karsten"]
[WhiteFideId "2079518"]
[BlackFideId "4611071"]
[WhiteElo "2147"]
[BlackElo "2294"]
[Result "1-0"]
[Round "02"]
[TimeControl "180+1"]
[Date "2022.11.09"]
[WhiteClock "0:00:19"]
[BlackClock "0:01:18"]

1. d4 d5 2. c4 c6 3. Nc3 Nf6 4. Nf3 a6 5. c5 Bg4 6. Ne5 Bf5 7. Bf4 Nbd7 8. e3 Nxe5 9. Bxe5 Nd7 10. Bg3 e5 11. b4 exd4 12. exd4 Be7 13. Qf3 Bg6 14. h4 h6 15. h5 Bh7 16. Bd3 Bxd3 17. Qxd3 O-O 18. O-O Re8 19. Rfe1 Nf6 20. Qf3 Qd7 21. Be5 Qg4 22. Qxg4 Nxg4 23. f3 Nxe5 24. dxe5 Bg5 25. Re2 f6 26. e6 f5 27. Na4 Re7 28. g3 f4 29. g4 Rae8 30. Rae1 Bh4 31. Rd1 Rxe6 32. Rxe6 Rxe6 33. Nb6 Kf7 34. Nc8 Be7 35. Kf2 Re3 36. Rb1 Ra3 37. Rb2 Ke6 38. Re2+ Kd7 39. Nxe7 Ra4 40. Nf5 Rxb4 41. Re7+ Kc8 42. Rxg7 Rb2+ 43. Kf1 Rxa2 44. g5 hxg5 45. h6 Rh2 46. h7 a5 47. Nd6+ Kd8 48. Rg8+ Kd7 49. h8=Q Rxh8 50. Rxh8 b6 51. cxb6 Kxd6 52. b7 1-0


[Site "https://www.chess.com"]

[Event "Titled Tuesday Blitz November 08 Late 2022"]
[White "Young, Ryan"]
[Black "Ezat, Mohamed"]
[WhiteFideId "2049945"]
[BlackFideId "10600906"]
[WhiteElo "2283"]
[BlackElo "2386"]
[Result "0-1"]
[Round "02"]
[TimeControl "180+1"]
[Date "2022.11.09"]
[WhiteClock "0:00:03"]
[BlackClock "0:00:37"]

1. e4 e5 2. Nf3 Nc6 3. Bc4 Nf6 4. d3 Be7 5. O-O O-O 6. Nbd2 d6 7. c3 Nd7 8. Re1 Kh8 9. Nf1 Nb6 10. Bb3 f5 11. exf5 Bxf5 12. h3 Bg6 13. Ng3 Nd7 14. d4 exd4 15. cxd4 Bf6 16. Be3 Nb6 17. Rc1 Na5 18. Bc2 Bxc2 19. Qxc2 Nd5 20. a3 Nc6 21. b4 a6 22. Qb3 Nce7 23. Ne4 c6 24. Nxf6 Rxf6 25. Bg5 Rf7 26. Re2 Qd7 27. Rce1 Ng6 28. Qd3 Ngf4 29. Bxf4 Nxf4 30. Qe3 Nxe2+ 31. Qxe2 Raf8 32. Qe4 Qf5 33. Qxf5 Rxf5 34. Re7 R5f7 35. Re6 Rd7 36. Kf1 Rdd8 37. Re7 Rb8 38. Ng5 Kg8 39. Rd7 h6 40. Ne4 Rfd8 41. Re7 Re8 42. Rxe8+ Rxe8 43. Nxd6 Re7 44. f3 Rd7 45. Ne4 Rxd4 46. Ke2 b6 47. Ke3 Rd5 48. f4 a5 49. g4 axb4 50. axb4 Rb5 51. Nc3 Rxb4 52. Kd3 Rxf4 53. Ne4 Rxe4 54. Kxe4 0-1


[Site "https://www.chess.com"]

[Event "Titled Tuesday Blitz November 08 Late 2022"]
[White "Zakhartsov, Vladimir"]
[Black "Richter, Paul"]
[WhiteFideId "4145097"]
[BlackFideId "2046350"]
[WhiteElo "2838"]
[BlackElo "2567"]
[Result "1-0"]
[Round "02"]
[TimeControl "180+1"]
[Date "2022.11.09"]
[WhiteClock "0:02:25"]
[BlackClock "0:02:10"]

1. d4 Nf6 2. c4 g6 3. Nc3 Bg7 4. e4 O-O 5. h3 d6 6. Be3 Na6 7. Nf3 Qe8 8. Bd3 e5 9. O-O Nh5 10. Re1 exd4 11. Bxd4 Bxd4 12. Nxd4 Nf4 13. Bf1 Nc5 14. Qd2 Nce6 15. Nd5 1-0


[Site "https://www.chess.com"]

[Event "Titled Tuesday Blitz November 08 Late 2022"]
[White "Zeynalli, Rashad"]
[Black "Grot, Blazej"]
[WhiteFideId "13403320"]
[BlackFideId "21835845"]
[WhiteElo "2125"]
[BlackElo "1822"]
[Result "1-0"]
[Round "02"]
[TimeControl "180+1"]
[Date "2022.11.09"]
[WhiteClock "0:00:15"]
[BlackClock "0:00:03"]

1. d4 Nf6 2. Bf4 d6 3. e3 Nbd7 4. Nf3 e5 5. dxe5 dxe5 6. Nxe5 Nxe5 7. Qxd8+ Kxd8 8. Bxe5 Bf5 9. Bd3 Be6 10. Nc3 c6 11. O-O-O Kc8 12. a3 h5 13. f3 b5 14. Ne4 Nd5 15. Rhe1 f6 16. Bd4 a5 17. Nc5 Bf7 18. Bf5+ Kc7 19. Ne6+ Bxe6 20. Bxe6 b4 21. a4 b3 22. c3 Nb6 23. Bxb6+ Kxb6 24. Bxb3 Bc5 25. Rd7 g5 26. e4 Rad8 27. Red1 Rxd7 28. Rxd7 h4 29. h3 Be3+ 30. Kc2 Bf4 31. Bf7 Kc5 32. Rb7 Ra8 33. Be6 Kd6 34. Bf5 Kc5 35. Kd3 Rd8+ 36. Bd7 Kd6 37. Bf5 Kc5+ 38. Rd7 Rxd7+ 39. Bxd7 Be5 40. Be8 Bf4 41. Kc2 Be5 42. Kb3 Bd6 43. Bf7 Bf4 44. Ka3 Bc1 45. Kb3 Bf4 46. Kc2 Be5 47. Kd3 Bf4 48. b3 Be5 49. Be8 Bf4 50. b4+ axb4 51. cxb4+ Kxb4 52. Bxc6 Be5 53. Be8 Bf4 54. Kd4 Be5+ 55. Kd5 Bf4 56. Ke6 Be5 57. Ke7 Ka5 58. Bd7 Kb4 59. Ke6 Ka5 60. Kf5 Kb4 61. f4 gxf4 62. Kg4 Kc5 63. Kxh4 Kd6 64. Bb5 Bd4 65. Kg4 Ke5 66. h4 Kxe4 67. h5 f5+ 68. Kg5 f3 69. Bc6+ Ke5 70. gxf3 Ke6 71. Kg6 Be5 72. h6 f4 73. h7 Ke7 74. a5 Kf8 75. a6 Bd4 76. Kf5 Ba7 77. h8=Q+ Kf7 78. Qh7+ Kf8 79. Qxa7 1-0


[Site "https://www.chess.com"]

[Event "Titled Tuesday Blitz November 08 Late 2022"]
[White "Adel, Sara"]
[Black "Liu, Kelsey"]
[WhiteFideId "10616764"]
[BlackFideId "30944481"]
[WhiteElo "1994"]
[BlackElo "2291"]
[Result "0-1"]
[Round "03"]
[TimeControl "180+1"]
[Date "2022.11.09"]
[WhiteClock "0:01:01"]
[BlackClock "0:01:47"]

1. e4 c5 2. Nc3 Nc6 3. f4 e6 4. Nf3 d5 5. Bc4 dxc4 6. O-O Nf6 7. Qe2 Nd4 8. Nxd4 cxd4 9. Nd1 d3 10. cxd3 cxd3 11. Qf3 Bc5+ 12. Ne3 Bd7 13. Kh1 Bc6 14. Qg3 Bxe4 15. f5 Bxe3 16. Qxe3 Qd5 17. fxe6 Bxg2+ 18. Kg1 Bxf1 0-1


[Site "https://www.chess.com"]

[Event "Titled Tuesday Blitz November 08 Late 2022"]
[White "Adury, Anant"]
[Black "Budisavljevic, Luka"]
[WhiteFideId "30964687"]
[BlackFideId "960047"]
[WhiteElo "2189"]
[BlackElo "2424"]
[Result "1-0"]
[Round "03"]
[TimeControl "180+1"]
[Date "2022.11.09"]
[WhiteClock "0:00:55"]
[BlackClock "0:00:18"]

1. Nf3 Nf6 2. g3 g6 3. Bg2 Bg7 4. O-O c5 5. c4 O-O 6. Nc3 d6 7. d3 Nc6 8. Bd2 Rb8 9. Qc1 a6 10. Bh6 b5 11. Bxg7 Kxg7 12. b3 e6 13. Ng5 Ne5 14. Nge4 Bb7 15. Qd2 b4 16. Nd1 Nxe4 17. Bxe4 d5 18. cxd5 exd5 19. Bg2 Qd6 20. Rc1 Nd7 21. Nb2 Rbc8 22. d4 Kg8 23. dxc5 Nxc5 24. Qxb4 Ba8 25. Nd3 Ne4 26. Qxd6 Nxd6 27. Nb4 d4 28. Nxa6 Bxg2 29. Kxg2 Ra8 30. Nb4 Ne4 31. Rfd1 Nc3 32. Rd2 Rfb8 33. Nd3 Nxa2 34. Rc4 Rxb3 35. Rxd4 Nc3 36. Nf4 Rb7 37. Nd5 Nxd5 38. Rxd5 h5 39. h3 Kg7 40. e4 Ra4 41. R5d4 Ra3 42. R4d3 Ra1 43. Rd1 Ra2 44. R1d2 Ra4 45. Re3 Rb1 46. e5 Ra6 47. f4 Raa1 48. Rde2 Rg1+ 49. Kf3 Raf1+ 50. Rf2 Rxf2+ 51. Kxf2 Rh1 52. Kg2 Ra1 53. Re2 Ra3 54. Rf2 Re3 55. Rf3 Re2+ 56. Rf2 Re3 57. g4 hxg4 58. hxg4 Ra3 59. Rf3 Ra2+ 60. Kg3 Ra1 61. Rf2 Ra3+ 62. Kg2 Ra1 63. Kf3 Ra3+ 64. Kg2 Ra1 65. Kg3 Ra3+ 66. Rf3 Ra1 67. f5 gxf5 68. gxf5 Ra4 69. Rf4 Ra1 70. Rg4+ Kf8 71. Rb4 Kg7 72. Rg4+ Kf8 73. f6 Re1 74. Kf4 Rf1+ 75. Kg5 Re1 76. Kf5 Rf1+ 77. Rf4 Re1 78. Ra4 Rf1+ 79. Ke4 Re1+ 80. Kd5 Kg8 81. Rg4+ Kf8 82. Ra4 Kg8 83. Ra8+ Kh7 84. Rf8 Kg6 85. Rg8+ Kf5 86. Re8 Rd1+ 87. Kc6 Re1 88. Kd6 Rd1+ 89. Ke7 Kxe5 90. Kxf7+ Kf5 91. Ra8 Rd7+ 92. Ke8 Rh7 93. f7 1-0


[Site "https://www.chess.com"]

[Event "Titled Tuesday Blitz November 08 Late 2022"]
[White "Aguilar, Juan"]
[Black "Fernandez Hernandez, Gerardo"]
[WhiteFideId "3800091"]
[BlackFideId "2207400"]
[WhiteElo "2408"]
[BlackElo "2231"]
[Result "1-0"]
[Round "03"]
[TimeControl "180+1"]
[Date "2022.11.09"]
[WhiteClock "0:00:10"]
[BlackClock "0:00:01"]

1. d4 Nf6 2. c4 c5 3. d5 b5 4. Nf3 b4 5. g4 Nxg4 6. e4 d6 7. Rg1 g6 8. h3 Nf6 9. e5 Nh5 10. a3 Bg7 11. axb4 cxb4 12. Qa4+ Bd7 13. Qxb4 dxe5 14. Nc3 Qc8 15. Bg5 f6 16. Be3 Na6 17. Qa5 Nc7 18. c5 O-O 19. d6 exd6 20. cxd6 Ne6 21. Nd5 Kh8 22. Ba6 Qd8 23. Nc7 Rc8 24. Rc1 Nhf4 25. Bxa7 f5 26. b4 e4 27. Nd2 Nd3+ 28. Bxd3 exd3 29. b5 Nd4 30. Bxd4 Bxd4 31. Nf3 Re8+ 32. Kd2 1-0


[Site "https://www.chess.com"]

[Event "Titled Tuesday Blitz November 08 Late 2022"]
[White "Alfaro, William"]
[Black "Santos Flores, Alberto"]
[WhiteFideId "6100457"]
[BlackFideId "3601234"]
[WhiteElo "2096"]
[BlackElo "2235"]
[Result "0-1"]
[Round "03"]
[TimeControl "180+1"]
[Date "2022.11.09"]
[WhiteClock "0:02:13"]
[BlackClock "0:01:53"]

1. Nf3 c5 2. g3 g6 3. Bg2 Nc6 4. O-O Bg7 5. d3 e6 6. e4 Nge7 7. c3 O-O 8. Be3 b6 9. Qd2 d5 10. Bh6 dxe4 11. dxe4 Qxd2 12. Bxd2 Ba6 13. Re1 Rfd8 14. Bf4 Rd7 15. Na3 Rad8 16. Nc2 Bd3 17. Na3 Ba6 18. h3 h6 19. h4 Kh7 20. Rab1 e5 21. Be3 Bd3 22. Rbd1 Bxe4 23. Rxd7 Rxd7 24. Bxc5 Bxf3 25. Bxe7 Bxg2 26. Kxg2 Rxe7 27. Nb5 Rd7 0-1


[Site "https://www.chess.com"]

[Event "Titled Tuesday Blitz November 08 Late 2022"]
[White "Andreikin, Dmitry"]
[Black "Cabarkapa, Novak"]
[WhiteFideId "4158814"]
[BlackFideId "943746"]
[WhiteElo "2736"]
[BlackElo "2390"]
[Result "0-1"]
[Round "03"]
[TimeControl "180+1"]
[Date "2022.11.08"]
[WhiteClock "0:00:04"]
[BlackClock "0:00:17"]

1. e4 e6 2. d4 d5 3. Nc3 Nf6 4. e5 Nfd7 5. f4 c5 6. Nf3 Nc6 7. Be3 Be7 8. Qd2 O-O 9. h4 f6 10. exf6 Nxf6 11. dxc5 Ng4 12. O-O-O Qa5 13. Bb5 a6 14. Bxc6 bxc6 15. Bd4 Rb8 16. g3 Bxc5 17. Bxc5 Qxc5 18. Qd4 Qa5 19. Ne5 c5 20. Qa4 Qb6 21. Nxg4 Qxb2+ 22. Kd2 Rb4 23. Qa5 Rd4+ 24. Ke1 Qxc2 25. Ne3 Qg6 26. Kf2 e5 27. Qxc5 Rxd1 28. Ncxd1 exf4 29. gxf4 Rxf4+ 30. Ke1 Be6 31. Rf1 Qg3+ 32. Kd2 d4 33. Rxf4 Qxf4 34. Qg5 dxe3+ 35. Nxe3 Qd4+ 36. Ke2 Bxa2 37. h5 Bc4+ 38. Kf2 Qd2+ 39. Kg3 Qd6+ 40. Kf2 Bf7 41. Qf5 Qf6 42. Qxf6 gxf6 43. Ng4 Kg7 44. h6+ Kg6 45. Kg3 Kg5 46. Nf2 Kxh6 47. Kf4 Kg6 48. Ne4 a5 49. Nc5 Be8 50. Ne4 a4 51. Nd6 Bd7 52. Nc4 Be6 53. Nd2 a3 54. Nf3 a2 0-1


[Site "https://www.chess.com"]